 Dungeon Crawl Stone Soup version 0.27.1-1-g398f81649c (webtiles) character file.

Game seed: 13334157154094178665

110 nxtlvl the Poker (level 4, 0/39 HPs)
             Began as a Minotaur Abyssal Knight on Sept 14, 2021.
             Was a Believer of Lugonu.
             Slain by a black bear (3 damage)
             ... on level 6 of the Dungeon.
             The game lasted 00:03:08 (422 turns).

nxtlvl the Poker (Minotaur Abyssal Knight)           Turns: 422, Time: 00:03:08

Health: 0/39       AC:  3    Str: 18    XL:     4   Next: 61%
Magic:  4/4        EV:  8    Int:  9    God:    Lugonu [**....]
Gold:   40         SH:  7    Dex: 15    Spells: 3/3 levels left

rFire    . . .     SeeInvis .   a - +1 spear
rCold    . . .     Faith    .   f - +0 kite shield
rNeg     . . .     Spirit   .   b - +0 leather armour
rPois    .         Reflect  .   (helmet restricted)
rElec    .         Harm     .   (no cloak)
rCorr    .         Rampage  .   (no gloves)
Will     .....                  (no boots)
Stlth    +.........             (no amulet)
HPRegen  0.13/turn              h - +6 ring of dexterity
MPRegen  0.09/turn              (no ring)

@: no status effects
A: horns 2, retaliatory headbutt
a: Renounce Religion, Depart the Abyss, Bend Space


You were on level 6 of the Dungeon.
You worshipped Lugonu.
Lugonu was pleased with you.
You visited 1 branch of the dungeon, and saw 5 of its levels.
You visited the Abyss 1 time.

You collected 40 gold pieces.

Inventory:

Hand Weapons
 a - a +1 spear (weapon)
 e - a +0 trident
Armour
 b - a +0 leather armour (worn)
 f - a +0 kite shield (worn)
Jewellery
 h - a +6 ring of dexterity (left hand)
Scrolls
 c - 2 scrolls of enchant armour {unknown}
 g - a scroll of magic mapping {unknown}
 i - a scroll of identify {unknown}
 j - a scroll of noise {unknown}
Potions
 d - a potion of magic {unknown}


   Skills:
 - Level 3.6 Fighting
 * Level 6.0 Polearms
 - Level 2.4 Armour
 - Level 1.1 Dodging
 - Level 1.7 Invocations


You had 3 spell levels left.
You didn't know any spells.
Your spell library was empty.

Dungeon Overview and Level Annotations

Branches:
Dungeon (4/15)
 Temple: D:4-7

Altars:
Cheibriados
Dithmenos
Qazlal


Innate Abilities, Weirdness & Mutations

You have a pair of horns on your head.
You reflexively headbutt those who attack you in melee.


Message History

You hit the bullfrog skeleton.
The bullfrog skeleton is severely damaged.
The bullfrog skeleton hits you.
* * * LOW HITPOINT WARNING * * *
You hit the bullfrog skeleton.
Your headbutt misses the bullfrog skeleton.
The bullfrog skeleton is almost destroyed.
The bullfrog skeleton hits you but does no damage.
The bullfrog skeleton hits you.
* * * LOW HITPOINT WARNING * * *
You hit the bullfrog skeleton. You headbutt the bullfrog skeleton.
You destroy the bullfrog skeleton!
Lugonu accepts your kill.
Your Polearms skill increases to level 6!
Found a shadowy altar of Dithmenos.
You open the door.
There is an open door here.
A black bear comes into view.
The black bear growls angrily.
There is an open door here.
You close the door.
You open the door.
There is an open door here.
You enter the shallow water.
Moving in this stuff is going to be slow.
A howler monkey zombie comes into view.
You open the door. The black bear bites you.
* * * LOW HITPOINT WARNING * * *
You block the black bear's attack.
The black bear claws you but does no damage.
The black bear bites you.
* * * LOW HITPOINT WARNING * * *
The black bear claws you.
* * * LOW HITPOINT WARNING * * *
The black bear claws you but does no damage.
There is an open door here.
You closely miss the black bear. The black bear bites you.
* * * LOW HITPOINT WARNING * * *
The black bear claws you.
You die...

####### #.....#
#.....# #.....#
#.....#
########.....##
........##....#+####
.........#....+....#
......#..+....#§@..#
......##+#...§#h####
..##+## #...P§§..P#
..# #.§..§≈≈.....#
### #.§§§§§≈≈....#
#.§.§§≈§≈....# #.§§
§Z§≈.##.# .. .§...#
# ... § #...


You could see a black bear.

Vanquished Creatures
  A jelly (D:4)
  2 bullfrog skeletons
  A worm (D:3)
  2 dart slugs
  3 orcs (D:3)
  2 bats
  A goblin (D:4)
  A hobgoblin (D:2)
  A ball python (D:2)
  3 kobolds (D:3)
17 creatures vanquished.

Notes
Turn   | Place    | Note
-------+----------+-------------------------------------------
     0 | Abyss:1  | nxtlvl the Minotaur Abyssal Knight began the quest for the
                  | Orb.
     0 | Abyss:1  | Reached XP level 1. HP: 19/19 MP: 1/1
    10 | D:1      | Escaped the Abyss
    24 | D:1      | You fall into a shaft and drop 1 floor!
    62 | D:3      | Reached skill level 3 in Polearms
    89 | D:3      | Found a stormy altar of Qazlal.
   103 | D:3      | Reached XP level 2. HP: 21/26 MP: 2/2
   193 | D:2      | Reached skill level 4 in Polearms
   308 | D:4      | Reached XP level 3. HP: 17/31 MP: 3/3
   319 | D:4      | Reached ** piety under Lugonu
   325 | D:4      | Found a snail-covered altar of Cheibriados.
   347 | D:4      | Reached skill level 5 in Polearms
   347 | D:4      | Reached XP level 4. HP: 18/39 MP: 4/4
   350 | D:4      | You fall into a shaft and drop 2 floors!
   358 | D:6      | Reached skill level 6 in Polearms
   361 | D:6      | Found a shadowy altar of Dithmenos.
   382 | D:6      | Noticed a black bear
   422 | D:6      | Slain by a black bear

Illustrated notes

Levels and vault maps discovered:
D:1:      sevenhm_arrival_forest_fort_small_6, layout_basic,
          shapermc_ecumenical_altar_mp_ritualfount
D:2:      layout_basic
D:3:      layout_basic, nicolae_overflow_crystal_walls, minmay_pentangle
D:4:      layout_gridville, marbit_many_paths, mainiacjoe_overflow_divided_tiny,
          serial_shops, shop, ebering_ghost_rock_garden, feat_on_display,
          uniq_robin, uniq_natasha
D:6:      layout_gridville, grunt_dithmenos_smoke, general_overflow_altar,
          mainiacjoe_overflow_brackets, minmay_temple_entry_junction,
          serial_undead, serial_undead_f, serial_undead_c, serial_undead_f,
          serial_undead_a, serial_undead_e, serial_undead_b, serial_undead_e,
          uniq_crazy_yiuf_cottage

Skill      XL: |  1  2  3  4 |
---------------+-------------+-----
Polearms       | 3 4 5 6 |  6.0
Fighting       | |  3.6
Armour         | |  2.4
Dodging        | |  1.1
Invocations    | |  1.7

Action                   |  1- 3 |  4- 6 || total
-------------------------+-------+-------++-------
Melee: Spear             |    46 |     8 ||    54
       Headbutt          |     8 |     3 ||    11
Armor: Leather armour    |     4 |     3 ||     7
Dodge: Dodged            |    11 |     1 ||    12
Block: Kite shield       |     1 |     4 ||     5
